 Dungeon Crawl Stone Soup version 0.26-b1-32-g5d43845318 (webtiles) character file.

Game seed: 6336349282035569254

362 Aviak the Vexing (level 6, 0/46 HPs)
             Began as a Human Enchanter on Jan 13, 2021.
             Killed by divine providence
             ... invoked by an orc priest
              (13 damage)
             ... on level 4 of the Dungeon.
             The game lasted 00:06:49 (5230 turns).

Aviak the Vexing (Human Enchanter)                  Turns: 5230, Time: 00:06:49

Health: 0/46       AC:  6    Str:  9    XL:     6   Next: 99%
Magic:  9/10       EV: 12    Int: 15    God:
Gold:   192        SH:  0    Dex: 15    Spells: 5/11 levels left

rFire    + . .     SeeInvis .   a - +1 dagger
rCold    . . .     Faith    .   (no shield)
rNeg     . . .     Spirit   .   p - +0 leather armour
rPois    .         Reflect  .   s - +2 hat
rElec    .         Harm     .   (no cloak)
rCorr    .         Rampage  .   (no gloves)
Will     .....                  f - +0 pair of boots
Stlth    +++.......             (no amulet)
HPRegen  0.15/turn              F - ring of protection from fire
MPRegen  0.12/turn              o - ring of stealth

@: no status effects
A: no striking features
a: no special abilities


You were on level 4 of the Dungeon.
You visited 1 branch of the dungeon, and saw 4 of its levels.

You collected 192 gold pieces.

Inventory:

Hand Weapons
 a - a +1 dagger (weapon)
Missiles
 d - a throwing net {!f}
Armour
 b - a +0 robe
 f - a +0 pair of boots (worn)
 p - a +0 leather armour (worn)
 s - a +2 hat (worn)
Jewellery
 o - a ring of stealth (right hand)
 F - a ring of protection from fire (left hand)
Scrolls
 e - 6 scrolls of identify {unknown}
 g - 6 scrolls of remove curse {unknown}
 h - a scroll of fog {unknown}
 i - a scroll of immolation {unknown}
 m - a scroll of teleportation {unknown}
 n - a scroll of magic mapping {unknown}
 r - a scroll of enchant armour {unknown}
Potions
 j - 2 potions of heal wounds {unknown}
 k - a potion of magic {unknown}
 l - a potion of attraction {unknown}
 q - a potion of lignification {unknown}
 t - 2 potions of haste {unknown}
 u - a potion of berserk rage {unknown}


   Skills:
 + Level 2.4 Fighting
 - Level 3.0 Short Blades
 + Level 2.3 Dodging
 - Level 4.0 Stealth
 + Level 3.2 Spellcasting
 - Level 4.2 Hexes
 - Level 1.0 Ice Magic


You had 5 spell levels left.
You knew the following spells:

 Your Spells              Type           Power        Failure   Level
a - Corona                Hex            16%          4%          1
b - Ensorcelled Hibernat  Hex/Ice        20%          14%         2
c - Confusing Touch       Hex            15%          14%         3

Your spell library contained the following spells:

 Spells                   Type           Power        Failure   Level
 Tukima's Dance           Hex            15%          14%         3
 Dazzling Flash           Conj/Hex       16%          34%         3


Dungeon Overview and Level Annotations

Branches:
Dungeon (4/15)
 Temple: D:4-7

Altars:

Shops:
D:4 (


Message History

* * * LOW HITPOINT WARNING * * *
Unknown command.
You feel better. The orc barely misses you.
The orc priest calls upon Beogh to heal the orc.
The orc's wounds heal themselves!
You hit the orc but do no damage. The orc hits you but does no damage.
The orc priest calls down the wrath of Beogh upon you.
Beogh smites you!
* * * LOW HITPOINT WARNING * * *
You feel better. The orc hits you but does no damage.
You feel better. The orc hits you but does no damage.
You feel better.
The orc priest calls down the wrath of Beogh upon you.
Beogh smites you!
* * * LOW HITPOINT WARNING * * *
Unknown command.
The orc priest begins to cast a cantrip, but forgets the words!
The orc priest mumbles some strange prayers to Beogh against you.
Beogh smites you!
You die...

##################.##
..................#
##......##........#
#.................#
#.......##.......##
#........#.......#
#.#....#.#.......#
#.#..#.#.#.......#
####.#.@#.#.#.......#
#..#.#.o#<#.#######.#
#..#.#..###.#.....#.####
#..#.#...)..#.###.#.....
#..#.##o#####.###.#####.
###..#.##o#####...........
#.........................
###.o####.#####.......##.#
#.....oo.o............##..


You could see an orc priest and 2 orcs.

Vanquished Creatures
  A scorpion (D:4)
  An orc priest (D:4)
  A bullfrog skeleton (D:4)
  2 orc wizards (D:4)
  2 worker ants (D:4)
  A hound skeleton (D:3)
  A gnoll (D:1)
  4 adders
  5 worms
  3 dart slugs
  A leopard gecko (D:3)
  5 orcs
  12 bats
  4 giant cockroaches
  6 goblins
  6 hobgoblins
  2 jackals
  A quokka (D:3)
  3 ball pythons
  7 frilled lizards
  8 kobolds
  12 rats
88 creatures vanquished.

Notes
Turn   | Place    | Note
-------+----------+-------------------------------------------
     0 | D:1      | Aviak the Human Enchanter began the quest for the Orb.
     0 | D:1      | Reached XP level 1. HP: 13/13 MP: 3/3
   343 | D:1      | Reached XP level 2. HP: 19/19 MP: 5/5
   352 | D:1      | Learned a level 2 spell: Ensorcelled Hibernation
  1000 | D:1      | Reached XP level 3. HP: 15/24 MP: 3/6
  1388 | D:1      | Learned a level 3 spell: Confusing Touch
  1798 | D:2      | Reached XP level 4. HP: 30/30 MP: 4/7
  2272 | D:2      | Reached skill level 1 in Ice Magic
  3028 | D:3      | Reached XP level 5. HP: 19/35 MP: 3/8
  4447 | D:4      | Reached skill level 1 in Fighting
  4475 | D:4      | Reached XP level 6. HP: 9/43 MP: 3/9
  4766 | D:4      | Found Sapeth's Antique Weapon Boutique.
  5210 | D:4      | HP: 1/46 [orc priest/divine providence (13)]
  5230 | D:4      | Killed from afar by an orc priest

Illustrated notes

Levels and vault maps discovered:
D:1:      dpeg_chamrin_arrival_tetris, layout_loops_corners
D:2:      layout_loops_corners
D:3:      layout_loops_corners, minmay_fractal_squares_diagonal_5
D:4:      layout_basic, minmay_temple_entry_statues_fountains, serial_shops,
          shop, minmay_bent, uniq_crazy_yiuf_cottage

Skill      XL: |  1  2  3  4  5  6 |
---------------+-------------------+-----
Short Blades   | 2 3 |  3.0
Ice Magic      | 1 |  1.0
Hexes          | 4 |  4.2
Fighting       | 1 2 |  2.4
Stealth        | 4 |  4.0
Spellcasting   | 3 |  3.2
Dodging        | |  2.3

Action                   |  1- 3 |  4- 6 || total
-------------------------+-------+-------++-------
Melee: Dagger            |   103 |   206 ||   309
 Cast: Corona            |     3 |     1 ||     4
       Ensorcelled Hiber |     4 |    19 ||    23
       Confusing Touch   |       |     8 ||     8
  Use: Potion            |       |     6 ||     6
 Stab: Sleeping          |    17 |    24 ||    41
       Confused          |       |     5 ||     5
Armor: Robe              |    29 |    18 ||    47
       Leather armour    |       |    37 ||    37
Dodge: Dodged            |    56 |    97 ||   153
